Map: Vigía EE

Players

TATORREA

  • Race: Protoss Protoss
  • League: Gold
  • Spawn Location: 9:00

MrFercho

  • Race: Zerg Zerg
  • League: Gold
  • Spawn Location: 9:00

tigro

  • Race: Terran Terran
  • League: Bronze
  • Spawn Location: 12:00

Jaggzimus

  • Race: Protoss Protoss
  • League: Gold
  • Spawn Location: 5:00

Aubs

  • Race: Protoss Protoss
  • Spawn Location: 6:00

Kratos

  • Race: Terran Terran
  • Spawn Location: 5:00

VOD

Have the link to the VOD?

Description

Time

  • Played on: Aug. 1, 2020, 11:17 p.m.
  • Length: 22:00
Show
View Real Time Build Order
Export as new Build Order

TATORREA Protoss 

Build Orders: Carriers 

Get SALT Encoding   

  12  0:04  Probe  
  13  0:16  Probe  
  14  0:28  Pylon, Probe  
  15  0:46  Probe  
  16  0:58  Probe (Chrono Boost)  
  17  1:04  Gateway  
  17  1:10  Probe (Chrono Boost)  
  18  1:17  Assimilator  
  18  1:19  Pylon  
  18  1:28  Probe  
  19  1:40  Probe  
  19  1:45  Gateway  
  20  1:52  Probe  
  21  1:55  Gateway  
  21  1:59  Assimilator  
  21  2:05  Cybernetics Core  
  21  2:10  Probe  
  22  2:22  Probe  
  22  2:27  Nexus  
  23  2:34  Pylon  
  23  2:38  Probe (Chrono Boost)  
  23  2:42  Warp Gate (Chrono Boost)  
  24  2:49  Probe (Chrono Boost)  
  25  2:54  Probe (Chrono Boost)  
  26  3:05  Probe  
  27  3:10  Stalker  
  27  3:11  Stalker  
  31  3:17  Stalker  
  31  3:18  Probe  
  34  3:30  Probe  
  35  3:43  Probe x2  
  35  3:48  Stalker  
  39  3:51  Stalker  
  39  3:55  Probe  
  42  3:56  Probe  
  42  3:57  Stalker  
  45  4:05  Pylon  
  45  4:07  Probe  
  45  4:08  Probe  
  47  4:19  Probe  
  47  4:20  Forge, Probe  
  49  4:31  Probe  
  49  4:32  Probe  
  51  4:44  Probe x2  
  53  4:53  Assimilator  
  53  4:57  Assimilator  
  53  5:00  Pylon  
  53  5:07  Protoss Ground Weapons Level 1 (Chrono Boost)  
  53  5:10  Probe x2  
  53  5:13  Stargate  
  53  5:14  Stargate  
  55  5:16  Twilight Council  
  55  5:17  Robotics Facility  
  55  5:20  Forge  
  55  5:22  Probe x2  
  55  5:24  Forge  
  55  5:26  Stalker  
  55  5:27  Stalker  
  61  5:31  Stalker  
  63  5:51  Nexus  
  63  5:56  Pylon  
  63  5:59  Pylon  
  63  6:00  Probe x2, Protoss Shields Level 1 (Chrono Boost)  
  65  6:04  Protoss Ground Armor Level 1 (Chrono Boost)  
  65  6:12  Probe  
  65  6:13  Probe  
  67  6:19  Stalker  
  67  6:20  Stalker x2  
  67  6:24  Probe  
  67  6:25  Probe  
  75  6:37  Probe x2  
  75  6:39  Fleet Beacon  
  75  6:49  Probe x2  
  75  6:54  Gateway  
  71  7:02  Stalker x3  
  74  7:11  Probe x3  
  77  7:22  Blink (Chrono Boost), Protoss Ground Weapons Level 2  
  77  7:23  Probe x3  
  80  7:30  Unknown  
  80  7:33  Void Ray  
  80  7:35  Probe  
  80  7:36  Probe  
  76  7:56  Stalker x3  
  76  7:57  Stalker  
  84  8:06  Probe  
  84  8:07  Probe x2  
  84  8:08  Protoss Air Weapons Level 1 (Chrono Boost)  
  84  8:11  Assimilator  
  87  8:16  Assimilator  
  87  8:18  Probe  
  87  8:19  Probe x2  
  90  8:20  Gateway  
  90  8:22  Gateway  
  90  8:25  Gateway  
  90  8:27  Gateway  
  90  8:30  Probe  
  90  8:31  Probe x2  
  93  8:35  Stalker x4  
  101  8:54  Pylon  
  101  8:56  Pylon  
  101  8:57  Pylon  
  101  9:12  Warp Prism  
  101  9:14  Nexus  
  103  9:20  Pylon  
  103  9:21  Probe  
  103  9:22  Pylon  
  103  9:23  Pylon  
  104  9:25  Stalker x2  
  104  9:26  Stalker x4  
  104  9:27  Stalker  
  104  9:30  Gateway  
  118  9:32  Gateway  
  118  9:36  Protoss Shields Level 2 (Chrono Boost), Protoss Ground Armor Level 2 (Chrono Boost)  
  118  9:44  Void Ray  
  122  9:49  Void Ray  
  126  10:07  Stalker x4  
  126  10:08  Stalker x2  
  138  10:46  Stalker x3  
  138  10:47  Stalker x2  
  138  10:48  Stalker x4  
  138  10:49  Stalker  
  140  11:27  Stalker x4  
  140  11:28  Stalker x3  
  140  11:29  Stalker x2  
  140  11:30  Protoss Ground Weapons Level 3 (Chrono Boost), Stalker  
  160  11:38  Void Ray  
  164  12:11  Pylon  
  164  12:18  Pylon  
  164  12:22  Pylon  
  164  12:26  Pylon  
  164  12:29  Pylon  
  164  12:36  Void Ray, Probe x4  
  172  12:40  Carrier  
  178  12:48  Probe x3  
  181  12:54  Stalker x3  
  181  12:55  Stalker  
  181  12:56  Stalker x3  
  160  13:22  Stalker x3  
  160  13:23  Stalker x2  
  160  13:24  Stalker  
  160  13:25  Stalker  
  160  13:26  Stalker x3  
  180  13:37  Probe x3  
  180  13:38  Probe  
  180  13:49  Probe x3  
  180  13:50  Probe  
  180  13:52  Assimilator  
  170  13:56  Assimilator  
  170  14:01  Probe  
  170  14:02  Stalker  
  134  14:11  Zealot  
  134  14:12  Zealot x3  
  134  14:13  Zealot x2  
  72  14:33  Zealot  
  72  14:34  Zealot x5  
  65  14:57  Protoss Shields Level 3, Protoss Ground Armor Level 3  
  55  15:25  Pylon x2  
  55  15:28  Probe (Chrono Boost)  
  51  15:29  Probe (Chrono Boost)  
  51  15:30  Probe (Chrono Boost), Nexus  
  52  15:38  Probe x2 (Chrono Boost)  
  52  15:39  Probe (Chrono Boost)  
  55  15:43  Probe x3 (Chrono Boost)  
  55  15:46  Pylon  
  55  15:48  Pylon  
  58  15:51  Pylon  
  58  15:53  Pylon  
  58  16:18  Protoss Air Weapons Level 2 (Chrono Boost)  
  58  16:23  Pylon  
  58  16:28  Carrier (Chrono Boost)  
  58  16:29  Probe  
  58  16:30  Probe x2  
  58  16:31  Tempest (Chrono Boost)  
  72  16:41  Charge  
  72  16:42  Probe x3  
  75  16:49  Probe  
  75  16:54  Probe x2  
  78  17:01  Carrier (Chrono Boost)  
  78  17:08  Probe x4  
  88  17:14  Tempest (Chrono Boost)  
  88  17:20  Probe x4  
  97  17:47  Carrier (Chrono Boost)  
  97  17:51  Tempest (Chrono Boost)  
  108  17:57  Stalker x4  
  108  17:58  Stalker x2  
  112  18:02  Nexus  
  112  18:04  Pylon  
  112  18:05  Pylon  
  84  18:13  Pylon  
  84  18:15  Nexus  
  84  18:16  Pylon  
  84  18:25  Carrier (Chrono Boost)  
  78  18:44  Tempest (Chrono Boost)  
  63  19:01  Stalker  
  63  19:02  Stalker x5  
  75  19:03  Stalker x3  
  75  19:07  Probe x3  
  75  19:08  Probe  
  85  19:19  Probe x3  
  85  19:22  Carrier (Chrono Boost)  
  88  19:25  Tempest (Chrono Boost)  
  99  19:33  Probe x4  
  99  19:34  Probe  
  104  19:58  Carrier (Chrono Boost)  
  111  20:00  Probe x5  
  115  20:11  Tempest  
  115  20:12  Probe x4  
  124  20:23  Probe  
  124  20:24  Probe x3  
  124  20:25  Probe  
  129  20:34  Assimilator  
  129  20:36  Assimilator  
  129  20:49  Probe  
  131  20:50  Probe x2  
  128  21:06  Probe  
  128  21:07  Probe x2  
  122  21:21  Stalker x4  
  122  21:22  Stalker  
  122  21:23  Stalker x2  
Show
View Real Time Build Order
Export as new Build Order

MrFercho Zerg 

Build Orders: Pool First 

Get SALT Encoding   

  12  0:19  Spawning Pool  
  11  0:22  Drone  
  11  0:26  Drone  
  13  0:36  Overlord  
  13  0:41  Drone  
  14  0:48  Overlord  
  14  0:56  Drone  
  15  1:07  Zergling x2  
  15  1:09  Queen  
  18  1:17  Zergling x2  
  19  1:27  Drone  
  20  1:41  Drone  
  21  1:51  Hatchery  
  20  1:56  Zergling x2  
  21  2:13  Zergling x4  
  23  2:23  Drone x3  
  26  2:31  Extractor  
  25  2:45  Drone  
  25  2:49  Overlord  
  26  2:58  Drone x4  
  26  3:41  Metabolic Boost  
  25  3:53  Drone x8  
  25  3:55  Queen  
  35  4:01  Overlord  
  35  4:08  Lair  
  35  4:10  Drone  
  36  4:40  Spore Crawler  
  36  4:41  Spore Crawler  
  36  4:45  Drone  
  35  4:55  Queen, Baneling Nest  
  35  4:58  Drone x5  
  41  5:01  Drone x2  
  41  5:02  Drone  
  41  5:05  Extractor  
  43  5:07  Extractor  
  43  5:12  Zergling x8  
  46  5:18  Zergling x2  
  46  5:19  Zergling x10  
  46  5:20  Overlord  
  52  5:40  Centrifical Hooks  
  52  5:50  Zergling x16  
  60  6:02  Overlord x3  
  60  6:04  Overlord  
  60  6:21  Hatchery  
  41  7:01  Hydralisk Den  
  40  7:03  Drone  
  40  7:04  Drone  
  40  7:06  Drone x2  
  44  7:10  Drone  
  44  7:11  Drone  
  44  7:12  Drone  
  44  7:13  Drone x3  
  50  7:16  Extractor  
  49  7:24  Hatchery  
  49  7:25  Hatchery, Evolution Chamber  
  49  7:26  Drone x2  
  49  7:27  Drone, Evolution Chamber  
  48  7:32  Grooved Spines  
  48  7:33  Infestation Pit  
  47  7:53  Drone x11  
  47  7:57  Zerg Missile Weapons Level 1  
  58  7:58  Zerg Ground Armor Level 1  
  58  8:07  Drone x2  
  58  8:08  Spire  
  59  8:29  Lurker Den  
  58  8:42  Queen  
  58  8:43  Muscular Augments, Pneumatized Carapace  
  60  8:49  Drone x7  
  60  8:50  Drone x4  
  60  8:53  Extractor  
  60  8:54  Extractor, Overlord x3  
  69  8:55  Overlord  
  69  9:08  Hydralisk x9  
  87  9:22  Drone x2  
  89  9:27  Drone  
  90  9:34  Hydralisk x6  
  90  9:35  Hydralisk x6  
  90  9:36  Overlord  
  114  9:45  Hive  
  114  9:58  Lurker x2  
  116  10:00  Hatchery  
  116  10:01  Lurker  
  106  10:14  Hydralisk x4  
  106  10:17  Zergling x36  
  106  10:18  Zergling x4  
  130  11:37  Overseer  
  130  11:38  Overseer x3  
  130  11:40  Seismic Spines  
  130  11:48  Ultralisk Cavern  
  130  11:50  Greater Spire  
  129  11:55  Spire  
  126  12:22  Hydralisk x13  
  122  12:23  Hydralisk  
  140  12:37  Adaptive Talons  
  138  12:46  Zerg Missile Weapons Level 2, Zerg Ground Armor Level 2  
  135  12:52  Overlord x3  
  135  12:53  Overlord x4  
  135  13:11  Corruptor x7  
  149  13:48  Hydralisk x13  
  175  14:03  Queen x2  
  179  14:38  Queen  
  179  14:42  Hydralisk x4  
  120  16:06  Hydralisk  
  120  16:07  Hydralisk x18  
  120  16:10  Overlord x5  
  120  16:11  Overlord  
  158  16:27  Zerg Missile Weapons Level 3, Zerg Ground Armor Level 3  
  158  16:54  Zerg Flyer Armor Level 1  
  158  16:55  Zerg Flyer Weapons Level 1  
  158  16:56  Extractor  
  158  16:59  Hatchery  
  158  17:00  Extractor  
  155  17:08  Adrenal Glands  
  155  17:10  Hatchery  
  154  17:18  Evolution Chamber  
  154  17:19  Corruptor x2  
  154  17:20  Corruptor x10  
  177  17:25  Zergling x10  
  177  17:26  Zergling x36  
  107  18:42  Hydralisk x3  
  107  18:43  Hydralisk x17  
  107  18:45  Hydralisk  
  149  19:03  Anabolic Synthesis  
  149  19:05  Hydralisk x2  
  143  19:45  Spore Crawler  
  136  19:46  Chitinous Plating  
  136  19:47  Spore Crawler  
  94  20:18  Hydralisk x14  
  122  20:27  Drone x4  
  126  20:33  Drone x2  
  126  20:34  Drone  
  99  21:06  Mutalisk  
  99  21:07  Mutalisk x5  
  83  21:21  Hydralisk x4  
Show
View Real Time Build Order
Export as new Build Order

tigro Terran 

Build Orders:  

Get SALT Encoding   

  12  0:13  Supply Depot  
  13  0:14  SCV  
  13  0:26  SCV  
  14  0:38  SCV  
  14  0:40  Barracks  
  15  0:49  Refinery  
  15  0:50  SCV  
  16  1:02  SCV  
  17  1:13  Supply Depot  
  17  1:14  SCV  
  18  1:26  SCV  
  18  1:28  Marine  
  20  1:44  Refinery  
  20  1:46  Marine  
  21  1:58  SCV  
  21  1:59  Factory  
  22  2:04  Marine  
  23  2:10  SCV  
  24  2:21  Marine  
  24  2:22  SCV  
  26  2:34  SCV  
  27  2:39  Marine  
  27  2:43  Factory Tech Lab  
  28  2:48  Orbital Command  
  28  2:51  Engineering Bay  
  28  2:58  Barracks Tech Lab  
  28  3:03  Siege Tank  
  31  3:25  Missile Turret  
  31  3:34  Combat Shield  
  31  3:35  Siege Tank  
  34  3:46  Missile Turret  
  34  3:58  Terran Infantry Weapons Level 1  
  34  4:13  Missile Turret  
  34  4:39  Missile Turret  
  34  4:49  Marine  
  35  4:53  Stimpack  
  35  4:58  Command Center  
  35  5:07  Marine  
  36  5:22  Armory  
  36  5:25  Marine  
  37  5:43  Marine  
  37  5:44  Refinery  
  38  5:52  Terran Infantry Armor Level 1  
  38  6:01  Marine  
  39  6:11  Refinery  
  39  6:12  Starport  
  39  6:15  Thor  
  45  6:18  Marine  
  45  6:20  SCV  
  47  6:32  SCV  
  48  6:36  Marine  
  49  6:44  SCV  
  50  6:50  Supply Depot  
  50  6:54  Marine  
  50  6:56  SCV  
  52  7:08  SCV  
  44  7:46  Neosteel Armor  
  44  7:58  Marine  
  44  8:03  Medivac  
  47  8:10  Starport  
  47  8:11  SCV  
  48  8:16  Marine  
  48  8:19  Terran Vehicle Weapons Level 1  
  49  8:24  SCV  
  50  8:34  Marine  
  50  8:36  SCV  
  52  8:48  SCV  
  53  8:51  Starport Tech Lab  
  53  8:52  Marine, Starport Tech Lab  
  54  9:00  Thor, SCV  
  61  9:09  Marine  
  61  9:12  SCV  
  63  9:22  Fusion Core  
  63  9:24  SCV  
  63  9:26  Hi-Sec Auto Tracking  
  63  9:27  Marine  
  65  9:36  SCV  
  66  9:40  Medivac  
  66  9:45  Marine  
  68  9:48  SCV  
  65  10:03  Marine  
  56  10:13  Terran Vehicle And Ship Armor Level 1  
  52  10:21  Marine  
  40  10:23  Terran Infantry Weapons Level 2  
  36  10:39  Marine  
  28  10:56  Marine  
  19  11:00  Thor  
  25  11:14  Marine  
  26  11:32  Marine  
  27  11:33  Command Center  
  27  11:43  Thor  
  33  11:50  Marine  
  34  12:07  Terran Ship Weapons Level 1  
  34  12:08  Marine  
  35  12:17  Missile Turret  
  35  12:25  Thor  
  35  12:29  Banshee x2  
  47  12:37  Missile Turret  
  47  12:38  Terran Infantry Armor Level 2  
  47  12:47  Refinery  
  47  12:58  SCV  
  48  12:59  Missile Turret  
  48  13:08  Thor  
  48  13:10  SCV  
  55  13:12  Medivac  
  57  13:22  SCV  
  58  13:34  SCV  
  59  13:46  SCV  
  60  14:28  Marine  
  61  14:37  Viking  
  63  14:39  Viking  
  65  14:46  Marine  
  66  15:03  Marine  
  61  15:09  Viking  
  45  15:21  Marine  
  40  15:33  Thor  
  46  15:39  Viking, Marine  
  49  15:51  Refinery  
  49  15:57  Marine  
  48  16:15  Marine  
  49  16:19  Cloaking Field  
  49  16:21  Corvid Reactor  
  36  16:33  Marine  
  34  16:50  Marine  
  34  16:53  Barracks  
  32  17:08  Marine  
  33  17:26  Marine, SCV  
  35  17:36  Thor  
  41  17:38  SCV  
  41  17:40  Hyperflight Rotors, Medivac  
  41  17:42  Battlecruiser  
  41  17:44  Barracks Reactor, Marine  
  50  17:50  SCV  
  52  18:02  Marine, SCV  
  52  18:14  SCV  
  52  18:19  Marine  
  29  18:37  Marine  
  24  18:41  Marine  
  24  18:42  Marine  
  18  18:59  Marine  
  14  19:07  Marine  
  12  19:10  Marine  
  7  19:25  Marine  
  7  19:28  Marine  
  9  19:43  Marine  
  10  19:46  Marine  
  10  19:50  Medivac  
  13  20:01  Marine  
  13  20:04  Marine  
  15  20:33  Barracks Reactor  
  15  20:37  Barracks Reactor  
  7  21:14  Marine x4  
  11  21:24  Orbital Command  
  11  21:32  Marine x2  
Show
View Real Time Build Order
Export as new Build Order

Jaggzimus Protoss 

Build Orders: Oracle Opening 

Get SALT Encoding   

  12  0:04  Probe (Chrono Boost)  
  13  0:14  Probe (Chrono Boost)  
  14  0:19  Probe (Chrono Boost)  
  15  0:26  Pylon  
  15  0:37  Assimilator  
  15  0:41  Assimilator  
  15  0:44  Probe  
  16  0:53  Gateway  
  16  0:56  Probe  
  17  1:13  Probe (Chrono Boost)  
  18  1:23  Probe (Chrono Boost)  
  19  1:28  Probe (Chrono Boost)  
  19  1:29  Forge  
  20  1:33  Pylon  
  20  1:46  Cybernetics Core  
  20  1:49  Probe  
  21  2:01  Probe  
  22  2:27  Stargate  
  22  2:30  Stargate  
  22  2:50  Nexus  
  22  2:55  Pylon  
  22  3:11  Oracle  
  25  3:17  Oracle  
  28  3:28  Photon Cannon, Protoss Shields Level 1 (Chrono Boost)  
  28  3:40  Warp Gate  
  28  4:03  Probe (Chrono Boost)  
  28  4:04  Photon Cannon  
  28  4:07  Photon Cannon  
  29  4:14  Probe (Chrono Boost)  
  30  4:20  Probe (Chrono Boost)  
  30  4:22  Probe (Chrono Boost)  
  32  4:30  Probe (Chrono Boost)  
  34  4:32  Probe (Chrono Boost)  
  34  4:35  Probe (Chrono Boost)  
  32  4:42  Probe  
  30  4:47  Void Ray  
  30  4:52  Void Ray  
  38  4:54  Probe  
  38  4:59  Probe  
  40  5:06  Probe  
  41  5:11  Probe  
  42  5:15  Photon Cannon  
  42  5:18  Probe  
  43  5:23  Assimilator, Probe  
  44  5:29  Assimilator  
  44  5:30  Probe  
  45  5:35  Probe  
  45  5:42  Probe (Chrono Boost)  
  47  5:47  Protoss Air Weapons Level 1 (Chrono Boost)  
  47  5:54  Probe (Chrono Boost)  
  48  6:00  Pylon  
  48  6:02  Probe (Chrono Boost)  
  48  6:04  Void Ray  
  53  6:08  Pylon  
  53  6:09  Probe  
  54  6:17  Fleet Beacon  
  54  6:18  Void Ray  
  58  6:36  Probe  
  59  6:48  Probe  
  60  6:54  Void Ray  
  60  7:01  Void Ray  
  60  7:31  Nexus  
  60  7:33  Assimilator  
  60  7:37  Assimilator, Probe  
  60  7:40  Probe  
  60  7:41  Pylon  
  60  7:43  Pylon  
  62  7:49  Void Ray, Probe  
  67  7:52  Probe  
  67  7:57  Pylon  
  67  7:58  Pylon x2  
  68  7:59  Void Ray, Pylon  
  68  8:01  Probe  
  68  8:04  Probe  
  74  8:06  Cybernetics Core  
  74  8:13  Protoss Air Armor Level 1 (Chrono Boost)  
  74  8:14  Twilight Council  
  74  8:22  Stargate  
  74  8:23  Stargate  
  74  8:32  Probe  
  74  8:33  Probe  
  76  8:44  Probe  
  76  8:45  Probe  
  78  8:49  Void Ray x2  
  86  8:56  Probe  
  86  8:57  Probe  
  88  9:05  Protoss Air Weapons Level 2 (Chrono Boost), Unknown  
  88  9:07  Void Ray x2  
  96  9:17  Protoss Shields Level 2  
  96  9:21  Probe  
  96  9:24  Probe  
  98  9:33  Probe  
  98  9:36  Probe  
  100  9:43  Void Ray  
  100  9:44  Void Ray  
  108  9:51  Stalker  
  110  10:07  Protoss Air Armor Level 2 (Chrono Boost)  
  110  10:12  Anion Pulse-Crystals (Chrono Boost)  
  94  11:19  Void Ray x3  
  94  11:20  Void Ray  
  110  11:30  Protoss Air Weapons Level 3 (Chrono Boost)  
  110  11:38  Nexus  
  110  11:40  Assimilator  
  110  11:44  Assimilator  
  110  11:48  Pylon  
  110  11:51  Pylon  
  110  11:54  Protoss Shields Level 3 (Chrono Boost), Pylon  
  110  12:02  Void Ray x3  
  110  12:03  Void Ray  
  126  12:41  Protoss Air Armor Level 3  
  126  12:52  Void Ray x4  
  118  13:53  Void Ray  
  118  13:54  Void Ray x3  
  112  14:36  Void Ray x2  
  112  14:37  Void Ray x2  
  106  15:19  Void Ray  
  110  15:37  Void Ray  
  110  15:43  Void Ray  
  110  16:58  Photon Cannon  
  110  17:01  Photon Cannon  
  110  17:04  Photon Cannon  
  110  17:07  Photon Cannon  
  110  17:09  Photon Cannon  
  110  17:11  Photon Cannon, Pylon  
  110  17:13  Shield Battery, Pylon  
  110  17:14  Pylon  
  110  17:15  Shield Battery  
  110  17:17  Pylon  
  110  17:18  Pylon  
  110  17:20  Pylon  
  110  17:22  Nexus  
  110  17:25  Assimilator  
  110  17:29  Probe (Chrono Boost)  
  111  17:31  Assimilator  
  111  17:42  Probe (Chrono Boost)  
  113  17:45  Probe (Chrono Boost)  
  113  17:47  Probe (Chrono Boost)  
  113  17:51  Probe  
  115  17:56  Probe  
  116  18:03  Probe  
  117  18:08  Probe  
  114  18:15  Probe  
  103  18:20  Probe  
  79  18:27  Probe  
  66  19:02  Void Ray x3  
  78  19:03  Void Ray  
  78  19:08  Probe (Chrono Boost)  
  78  19:09  Probe (Chrono Boost)  
  85  19:12  Probe (Chrono Boost)  
  85  19:19  Probe x2 (Chrono Boost)  
  85  19:22  Probe (Chrono Boost)  
  85  19:23  Probe x2 (Chrono Boost)  
  90  19:32  Probe  
  90  19:34  Probe  
  93  19:47  Probe (Chrono Boost)  
  93  19:48  Probe (Chrono Boost)  
  94  19:58  Probe (Chrono Boost)  
  95  20:00  Void Ray (Chrono Boost)  
  95  20:01  Void Ray x3 (Chrono Boost), Nexus  
  95  20:03  Assimilator, Probe (Chrono Boost)  
  112  20:08  Assimilator  
  112  20:11  Pylon  
  112  20:14  Pylon  
  112  20:15  Probe  
  112  20:17  Pylon  
  113  20:27  Probe  
Show
View Real Time Build Order
Export as new Build Order

Aubs Protoss 

Build Orders:  

Get SALT Encoding   

  12  0:01  Probe  
  13  0:25  Pylon  
  13  0:28  Probe  
  13  0:29  Assimilator  
  14  0:40  Probe  
  15  0:49  Forge  
  15  1:01  Gateway  
  15  1:11  Assimilator  
  15  1:48  Photon Cannon  
  15  1:55  Photon Cannon  
  15  1:56  Zealot  
  17  2:03  Probe  
  18  2:15  Probe  
  19  2:23  Zealot  
  19  2:28  Probe  
  22  2:40  Probe  
  23  3:07  Pylon  
  23  3:13  Pylon  
  23  3:21  Probe, Zealot  
  20  3:33  Probe  
  21  3:45  Probe  
  22  3:57  Probe  
  22  4:02  Photon Cannon  
  23  4:09  Probe  
  24  4:21  Zealot  
  26  4:25  Probe  
  27  4:37  Probe  
  28  4:49  Probe  
  29  4:55  Pylon  
  29  5:01  Probe  
  30  5:08  Zealot  
  30  5:13  Probe  
  33  5:25  Probe, Cybernetics Core  
  34  5:37  Probe, Zealot  
  34  5:40  Protoss Ground Weapons Level 1  
  37  5:49  Probe  
  38  5:56  Photon Cannon  
  38  6:01  Probe  
  39  6:06  Photon Cannon  
  39  6:13  Stalker  
  41  7:01  Pylon  
  41  7:06  Nexus  
  41  7:19  Stalker  
  43  7:25  Photon Cannon  
  43  7:33  Shield Battery  
  43  7:40  Assimilator  
  43  7:41  Assimilator  
  43  7:43  Probe  
  44  7:49  Stalker  
  46  7:55  Probe  
  47  8:02  Stargate  
  47  8:19  Stalker  
  49  8:22  Probe  
  50  8:34  Probe  
  51  8:46  Probe  
  51  8:47  Void Ray  
  56  8:49  Stalker  
  58  8:57  Twilight Council  
  58  8:58  Probe  
  59  9:06  Robotics Facility  
  59  9:10  Probe  
  60  9:22  Probe  
  61  9:29  Stargate  
  61  9:34  Probe  
  62  10:07  Protoss Ground Weapons Level 2  
  62  10:27  Protoss Air Weapons Level 1  
  62  10:34  Pylon  
  62  10:43  Pylon  
  62  10:52  Void Ray x2  
  70  10:59  Pylon  
  70  11:01  Probe  
  71  11:06  Pylon  
  71  11:13  Probe  
  73  11:25  Probe  
  73  11:37  Probe  
  73  11:38  Void Ray  
  78  11:40  Void Ray  
  82  11:49  Probe  
  83  12:02  Stargate  
  83  12:10  Photon Cannon  
  83  12:15  Photon Cannon  
  83  12:36  Protoss Air Armor Level 1  
  83  12:41  Protoss Ground Armor Level 1  
  82  12:52  Void Ray  
  82  12:53  Void Ray  
  82  12:55  Void Ray  
  94  13:20  Robotics Facility  
  94  13:37  Robotics Facility  
  94  13:48  Robotics Bay  
  94  13:53  Fleet Beacon  
  94  13:54  Immortal  
  49  14:29  Void Ray  
  49  14:30  Warp Gate, Void Ray  
  55  14:31  Void Ray  
  55  14:33  Immortal  
  59  14:49  Protoss Shields Level 1  
  47  15:47  Immortal  
  47  15:48  Immortal  
  47  15:49  Immortal  
  54  16:31  Probe  
  55  16:43  Probe  
  56  16:49  Carrier  
  56  16:51  Carrier  
  56  16:52  Carrier  
  74  16:55  Probe  
  74  16:57  Immortal  
  74  16:58  Immortal  
  74  17:00  Immortal  
  87  17:08  Probe  
  88  17:20  Probe  
  88  17:21  Photon Cannon  
  89  17:43  Photon Cannon  
  89  17:53  Void Ray  
  94  18:55  Probe  
  94  19:25  Pylon  
  94  19:34  Pylon  
  94  19:43  Probe  
  91  19:55  Probe  
  54  20:07  Probe  
  47  20:18  Carrier  
  47  20:19  Carrier, Probe  
  60  20:48  Void Ray  
  64  20:52  Immortal  
Show
View Real Time Build Order
Export as new Build Order

Kratos Terran 

Build Orders: Command Center First (CC) 

Get SALT Encoding   

  12  0:00  SCV  
  13  0:12  SCV  
  14  0:25  Supply Depot, SCV  
  15  0:47  SCV  
  16  0:58  Command Center  
  16  1:00  SCV  
  17  1:13  Refinery, SCV  
  18  1:25  SCV  
  19  1:28  Refinery  
  19  1:37  SCV  
  20  1:43  Barracks  
  20  1:49  SCV  
  22  2:01  SCV  
  22  2:13  SCV, Refinery  
  23  2:24  SCV  
  23  2:29  SCV  
  25  2:33  Barracks Tech Lab  
  25  2:36  SCV  
  26  2:40  Command Center  
  26  2:41  SCV  
  27  2:48  SCV  
  28  2:53  SCV  
  29  2:59  Barracks  
  29  3:00  SCV  
  30  3:06  SCV  
  30  3:10  Marine  
  30  3:12  SCV  
  33  3:18  SCV  
  34  3:24  SCV  
  35  3:27  Marine  
  35  3:30  SCV  
  37  3:45  Marine  
  37  3:47  Combat Shield  
  38  3:49  Barracks Reactor  
  38  3:52  Barracks  
  38  3:57  SCV  
  38  3:59  Barracks  
  38  4:02  SCV  
  40  4:03  Marine  
  40  4:09  SCV  
  42  4:12  Supply Depot  
  42  4:14  SCV  
  43  4:19  SCV  
  43  4:21  Marine, SCV  
  46  4:25  Reaper x2  
  46  4:27  SCV  
  46  4:31  SCV  
  50  4:33  SCV  
  51  4:39  Marine, SCV  
  51  4:40  Marine  
  51  4:41  Barracks  
  51  4:45  SCV  
  55  4:48  Barracks Tech Lab  
  55  4:51  SCV  
  56  4:54  Barracks Reactor  
  56  4:56  Marine  
  56  4:57  Barracks, Marine, Reaper  
  56  4:58  Marine  
  60  5:06  Stimpack, Orbital Command  
  60  5:09  Orbital Command  
  60  5:11  SCV  
  61  5:50  Supply Depot  
  61  5:54  Barracks Tech Lab x2  
  61  5:57  Supply Depot x2  
  61  6:03  Engineering Bay  
  61  6:06  Engineering Bay  
  61  6:11  Marine x3  
  61  6:12  Marauder, Marine x2  
  61  6:14  Supply Depot  
  61  6:16  SCV  
  65  6:20  Supply Depot  
  65  6:21  Supply Depot  
  62  6:28  SCV  
  62  6:29  Marine x3  
  66  6:34  Marauder  
  66  6:39  Marine x2  
  70  6:40  Marine x2  
  70  6:41  SCV  
  73  6:47  Marine x3  
  73  6:53  SCV  
  77  6:54  Marine  
  77  6:57  Marine x3  
  77  6:58  Marine  
  82  7:05  Marine x3, SCV  
  82  7:07  Terran Infantry Weapons Level 1  
  82  7:08  Terran Infantry Armor Level 1  
  86  7:13  Marauder  
  86  7:15  Marine x4  
  89  7:23  Marine x3  
  88  7:32  Marine  
  88  7:33  Marine x3  
  88  7:34  Marauder  
  87  7:41  Reaper x2  
  87  7:42  Reaper  
  78  7:50  Marine  
  78  7:51  Marauder, Reaper  
  70  7:52  Marauder  
  70  7:55  Marauder  
  75  8:08  Marine  
  75  8:09  Refinery  
  76  8:13  Marauder x2, Marine, Reaper  
  76  8:14  SCV  
  76  8:15  Reaper  
  76  8:17  Marauder  
  86  8:23  Marine  
  86  8:26  Reaper  
  86  8:27  SCV  
  89  8:30  Marine  
  92  8:34  Marauder x2  
  92  8:38  Marauder  
  92  8:39  SCV  
  92  8:41  Reaper  
  95  8:45  Marine  
  95  8:47  Reaper  
  97  8:49  Reaper  
  97  8:51  SCV  
  97  8:54  Concussive Shells  
  101  8:56  Marauder x2  
  101  8:58  Marine  
  101  9:00  Marauder  
  106  9:03  Marine, SCV  
  108  9:13  Reaper  
  109  9:21  Supply Depot  
  109  9:22  Supply Depot  
  109  9:24  Supply Depot  
  109  9:27  Barracks Reactor  
  109  9:43  Marauder x2, SCV, Reaper x3  
  109  9:44  Reaper  
  109  9:45  Reaper  
  118  9:46  Supply Depot  
  118  9:48  Supply Depot x2  
  117  9:55  SCV  
  116  10:04  Marauder x2  
  117  10:07  SCV  
  117  10:11  Supply Depot x3  
  117  10:13  Marine, Reaper  
  112  10:15  Reaper x3  
  112  10:16  Marauder  
  112  10:17  Reaper  
  112  10:19  SCV  
  118  10:26  Marauder x2  
  111  10:31  SCV, Reaper  
  98  10:37  Marauder  
  79  10:45  Marine, SCV  
  79  10:47  Marauder x2, Reaper x3  
  79  10:49  Marine  
  85  10:57  SCV  
  85  10:58  Factory  
  85  10:59  Marauder  
  85  11:03  Marine, Reaper  
  90  11:07  Reaper  
  90  11:08  Marauder  
  90  11:09  Marauder, SCV  
  96  11:19  Marine x2, Reaper  
  96  11:20  Marauder  
  96  11:21  SCV, Reaper  
  103  11:29  Marine  
  103  11:30  Marauder  
  103  11:32  Command Center  
  106  11:33  SCV  
  106  11:35  Reaper  
  106  11:36  Marine  
  106  11:37  Reaper  
  106  11:39  Marine  
  111  11:41  Marauder  
  113  11:48  Marauder, Command Center  
  113  11:51  Marauder, Reaper  
  113  11:52  Marine  
  119  11:54  SCV  
  119  11:55  Reaper  
  119  11:57  Reaper  
  119  11:58  Refinery  
  119  12:00  Refinery  
  122  12:03  Marauder  
  122  12:06  SCV  
  122  12:07  Reaper  
  126  12:09  Reaper x2  
  126  12:11  Reaper  
  126  12:12  Reaper  
  130  12:18  SCV  
  105  12:23  Reaper  
  105  12:24  Reaper  
  105  12:27  Reaper  
  105  12:29  Reaper  
  97  12:30  SCV  
  98  12:42  SCV  
  85  12:45  Marauder x2, Marine, Reaper  
  85  12:46  Reaper  
  92  12:55  Marine  
  92  12:56  Marauder  
  95  12:59  Reaper  
  95  13:01  Marine  
  95  13:03  Reaper  
  95  13:05  SCV  
  99  13:06  Marauder x2  
  103  13:13  Marine  
  103  13:16  Barracks  
  103  13:17  Marine, Reaper, SCV  
  103  13:18  Marauder  
  103  13:19  Reaper  
  110  13:20  Barracks  
  110  13:27  Marauder, Factory Tech Lab  
  110  13:28  Marauder  
  110  13:29  SCV  
  110  13:31  Armory, Marine, Reaper  
  117  13:35  Marine, Reaper  
  117  13:39  Marauder  
  121  13:41  SCV  
  122  13:48  Marine  
  122  13:49  Marauder x2, Reaper  
  122  13:50  Siege Tank  
  122  13:51  Marine  
  122  13:53  SCV, Reaper  
  134  14:00  Marauder  
  136  14:03  Reaper  
  136  14:05  SCV  
  136  14:06  Reaper  
  136  14:07  Marine  
  136  14:08  Marine  
  135  14:10  Marauder x2  
  130  14:18  SCV  
  130  14:21  Reaper  
  130  14:22  Marauder  
  130  14:23  Siege Tank  
  131  14:25  Marine  
  131  14:29  Marine x2  
  131  14:30  SCV  
  128  14:32  Marauder x2  
  128  14:35  Reaper  
  129  14:38  Marine  
  129  14:42  SCV  
  129  14:43  Marauder, Reaper  
  129  14:45  Barracks Reactor  
  131  14:46  Marine  
  131  14:47  Barracks Reactor, Reaper  
  131  14:53  Marauder x2  
  131  14:54  SCV, Reaper  
  131  14:55  Siege Tank  
  131  14:56  Terran Infantry Weapons Level 2, Marine  
  131  14:57  Terran Infantry Armor Level 2  
  134  15:02  SCV  
  134  15:04  Marine  
  134  15:05  Marauder  
  134  15:06  SCV  
  122  15:07  Marine  
  122  15:14  Marauder, Marine, SCV  
  108  15:15  Marauder, Marine  
  108  15:18  SCV  
  108  15:19  Marine  
  106  15:22  Marine  
  106  15:25  Marine x2  
  106  15:26  Marauder, SCV  
  106  15:27  Siege Tank  
  115  15:30  SCV  
  115  15:32  Marine  
  115  15:33  Marine  
  115  15:35  Marine x2  
  110  15:37  Marine  
  110  15:38  SCV  
  110  15:40  Marine  
  110  15:42  SCV  
  101  15:43  Marine x2  
  87  15:50  SCV  
  87  15:54  SCV  
  82  15:58  Refinery  
  82  15:59  Siege Tank  
  82  16:00  Refinery  
  82  16:02  SCV  
  86  16:07  Marine x9  
  92  16:14  SCV  
  93  16:24  Marine  
  93  16:25  Marine x8  
  100  16:26  SCV  
  103  16:38  SCV  
  104  16:42  Marine  
  104  16:43  Marine x8  
  104  16:45  Command Center  
  104  16:46  Command Center, Refinery  
  113  16:48  Refinery  
  113  16:50  SCV  
  113  16:52  Thor  
  120  17:33  SCV  
  120  17:35  Thor  
  127  17:38  Refinery  
  127  17:45  SCV  
  128  17:57  SCV  
  129  18:09  SCV  
  129  18:12  Command Center  
  130  18:21  SCV  
  130  18:26  Marauder x2, Marine x4, Reaper x3  
  141  18:44  Marine x2, Reaper x2  
  141  18:47  Marauder x2  
  144  18:58  Marine, Reaper  
  144  18:59  Reaper  
  144  19:01  Marine  
  144  19:02  Reaper  
  140  19:08  Marauder  
  140  19:09  Marauder  
  140  19:15  Marine  
  140  19:16  Marine, Reaper  
  139  19:19  Reaper  
  123  19:30  Marauder x2, Marine  
  123  19:31  Reaper  
  118  19:34  Marine, Reaper x2  
  104  19:46  SCV  
  104  19:48  Marine, Reaper  
  104  19:51  Marauder x2, Marine, Refinery  
  104  19:52  Reaper  
  113  19:55  SCV  
  113  19:58  SCV  
  115  20:02  Marine  
  115  20:05  Marine  
  115  20:06  Reaper  
  115  20:07  SCV, Reaper  
  119  20:10  SCV  
  119  20:12  Marauder  
  119  20:13  Marauder  
  125  20:15  Factory  
  125  20:16  Factory x2  
  125  20:19  SCV  
  125  20:20  Refinery  
  126  20:22  SCV  
  127  20:31  SCV  
  127  20:34  Marauder x2, SCV  
  130  20:37  Refinery  
  130  20:40  Refinery  
  128  20:43  SCV  
  129  21:03  Factory  
  132  21:04  Marauder x2, Marine x3, Reaper x2  
  132  21:05  Factory, Reaper x2  
  123  21:22  Marine x2, Reaper  
  123  21:25  Marauder x2  
  124  21:36  Marine  
  124  21:37  Marine  
  128  21:40  Marine  
Tags
 
Add a new tag
Caveats
  • Supply blocks, unpowered buildings, or Contaminate may cause inaccurate times.
  • Supply counts are checked every 10 seconds.